 Dungeon Crawl Stone Soup version 0.32-a0-132-g2d33c3cfaf (webtiles) character file.

Game seed: 11986458584177068102

147196 hikkokomori the Brawler (level 16, -2/161 HPs)
             Began as a Troll Fighter on Feb 9, 2024.
             Was the Champion of Wu Jian.
             Slain by a salamander mystic
             ... wielding a +0 quarterstaff
              (5 damage)
             ... on level 3 of the Snake Pit.
             The game lasted 01:09:15 (24675 turns).

hikkokomori the Brawler (Troll Fighter)            Turns: 24675, Time: 01:09:16

Health: -2/161     AC: 25    Str: 48    XL:     16   Next: 91%
Magic:  15/15      EV: 12    Int:  4    God:    Wu Jian [******]
Gold:   452        SH: 19    Dex: 21    Spells: 11/15 levels left

rFire   + +          .
                       - Unarmed
rCold   . . .        S - +2 kite shield {rC+}
rNeg    . . .        F - +4 storm dragon scales
rPois   .            l - +2 hat
rElec   +            a - +2 cloak "Lelasif" {^Drain rC- Str+8 Dex+4}
rCorr   +            (gloves unavailable)
SInv    .            (boots unavailable)
Will    +....        t - amulet of reflection Stlth
                     s - ring "Gapaf" {rPois Str+6 Dex+2 Stlth+}
HPRegen 1.26/turn    d - ring of Nelo {rF++ rCorr Str+6 Slay+2}
MPRegen 0.14/turn

%: reflection
@: poison vulnerable, slowed, very slow
A: large, unfitting armour, claws 3, regeneration 1, shaggy fur 1, tough skin 1
a: Renounce Religion, Wall Jump, Serpent's Lash, Heavenly Storm


You were on level 3 of the Snake Pit.
You worshipped Wu Jian.
Wu Jian was exalted by your worship.
You visited 6 branches of the dungeon, and saw 28 of its levels.
You also visited: Sewer, Bailey and Ice Cave.

You collected 2878 gold pieces.
You spent 2426 gold pieces at shops.

Inventory:

Missiles
 i - a throwing net
 p - 42 poisoned darts
 v - a dart of dispersal
 D - 8 large rocks (quivered)
 U - 7 atropa-tipped darts
 V - 6 curare-tipped darts
 X - 6 silver javelins
Armour
 a - the +2 cloak "Lelasif" (worn) {^Drain rC- Str+8 Dex+4}
   (You acquired it on level 11 of the Dungeon)

   Str+8:     It affects your strength (+8).
   Dex+4:     It affects your dexterity (+4).
   rC-:       It makes you vulnerable to cold.
   ^Drain:    It drains your maximum health when unequipped.
 l - a +2 hat (worn)
 F - +4 storm dragon scales (worn)
 O - +1 swamp dragon scales
 S - a +2 kite shield of cold resistance (worn)
Jewellery
 d - the ring of Nelo (right claw) {rF++ rCorr Str+6 Slay+2}
   (You found it on level 5 of the Lair of Beasts)

   [ring of strength]

   Str+6:     It affects your strength (+6).
   Slay+2:    It affects your accuracy & damage with ranged weapons and melee
   (+2).
   rF++:      It greatly protects you from fire.
   rCorr:     It protects you from acid and corrosion.
 k - a +4 ring of slaying
 n - a ring of willpower
 o - a ring of protection from cold
 s - the ring "Gapaf" (left claw) {rPois Str+6 Dex+2 Stlth+}
   (You bought it in a shop on level 2 of the Snake Pit)

   [ring of strength]

   Str+6:     It affects your strength (+6).
   Dex+2:     It affects your dexterity (+2).
   rPois:     It protects you from poison Stlth+: It makes you more stealthy.
 t - an amulet of reflection (around neck)
 x - a ring of see invisible
 T - a ring of flight
Wands
 b - a wand of flame (10)
 m - a wand of digging (7)
 z - a wand of mindburst (4)
 A - a wand of roots (5)
 I - a wand of paralysis (35)
 Q - a wand of quicksilver (25)
 Z - a wand of polymorph (10)
Scrolls
 e - 3 scrolls of fog
 f - 9 scrolls of teleportation
 g - 3 scrolls of fear
 j - 4 scrolls of immolation
 w - 4 scrolls of poison
 y - 2 scrolls of summoning
 E - 3 scrolls of silence
 G - a scroll of enchant weapon
 M - 2 scrolls of revelation
 P - 3 scrolls of blinking
Potions
 c - 2 potions of might
 h - 8 potions of mutation
 q - 6 potions of attraction
 r - 2 potions of magic
 u - 3 potions of invisibility
 C - 3 potions of enlightenment
 H - 3 potions of ambrosia
 K - 2 potions of haste
 L - 5 potions of heal wounds
 N - 2 potions of lignification
 R - 3 potions of resistance
 W - 5 potions of curing
Miscellaneous
 J - a condenser vane
 Y - a lightning rod (4/4)


   Skills:
 + Level 10.8 Fighting
 + Level 10.0 Throwing
 - Level 10.0 Armour
 + Level 7.8 Dodging
 - Level 2.0 Stealth
 - Level 9.0 Shields
 + Level 16.6 Unarmed Combat
 - Level 8.0 Evocations
 - Level 6.1 Shapeshifting


You had 11 spell levels left.
You knew the following spells:

 Your Spells              Type           Power      Damage    Failure   Level
a - Passage of Golubria   Tloc           0%         N/A       100%        4

Your spell library contained the following spells:

 Spells                   Type           Power      Damage    Failure   Level
 Apportation              Tloc           0%         N/A       88%         1
 Magic Dart               Conj           0%         1d3       88%         1
 Necrotise                Necr           0%         1d4       88%         1
 Sting                    Conj/Alch      0%         1d3       88%         1
 Summon Small Mammal      Summ           0%         N/A       88%         1
 Cigotuvi's Dreadful Rot  Necr/Alch/Air  0%         N/A       96%         2
 Ensorcelled Hibernation  Hex/Ice        0%         N/A       96%         2
 Scorch                   Fire           0%         2d5       96%         2
 Searing Ray              Conj           0%         2d4       96%         2
 Call Canine Familiar     Summ           0%         N/A       99%         3
 Frozen Ramparts          Ice            0%         1d1       99%         3
 Fugue of the Fallen      Necr           0%         N/A       99%         3
 Hailstorm                Conj/Ice       0%         3d5       99%         3
 Inner Flame              Hex/Fire       0%         N/A       99%         3
 Ozocubu's Armour         Ice            0%         N/A       99%         3
 Sigil of Binding         Hex            0%         N/A       99%         3
 Summon Ice Beast         Ice/Summ       0%         N/A       99%         3
 Tukima's Dance           Hex            0%         N/A       99%         3
 Vampiric Draining        Necr           0%         2d6       99%         3
 Anguish                  Hex/Necr       0%         N/A       100%        4
 Dimensional Bullseye     Hex/Tloc       0%         N/A       100%        4
 Flame Wave               Conj/Fire      0%         2d4       100%        4
 Fulminant Prism          Conj/Alch      0%         3d5       100%        4
 Ignite Poison            Fire/Alch      0%         N/A       100%        4
 Leda's Liquefaction      Alch/Erth      0%         N/A       100%        4
 Martyr's Knell           Necr/Summ      0%         N/A       100%        4
 Petrify                  Alch/Erth      0%         N/A       100%        4
 Sticky Flame             Fire/Alch      0%         2d4       100%        4
 Summon Blazeheart Golem  Fire/Summ      0%         N/A       100%        4
 Curse of Agony           Necr           0%         N/A       100%        5
 Freezing Cloud           Conj/Ice/Air   0%         6-21      100%        5
 Lee's Rapid Deconstruct  Erth           0%         3d4*      100%        5
 Metabolic Englaciation   Hex/Ice        0%         N/A       100%        5
 Summon Forest            Summ/Tloc      0%         N/A       100%        5
 Summon Mana Viper        Hex/Summ       0%         N/A       100%        5
 Yara's Violent Unravell  Hex/Alch       0%         3d3       100%        5
 Bombard                  Conj/Erth      0%         9d1       100%        6
 Sculpt Simulacrum        Ice/Alch       0%         N/A       100%        6
 Summon Cactus Giant      Summ           0%         N/A       100%        6


Dungeon Overview and Level Annotations

Branches:
Dungeon (15/15)            Temple (1/1) D:7            Lair (5/5) D:11
 Shoals (1/4) Lair:3        Snake (4/4) Lair:2        Slime (0/5) Lair:5
    Orc (2/2) D:12            Elf (0/3) Orc:2        Vaults (0/5) D:13
 Depths (0/4) D:15          Sewer (visited)          Bailey (visited)
  IceCv (visited)

Altars:
Ashenzari
Cheibriados
Dithmenos
Elyvilon
Fedhas
Gozag
Hepliaklqana
Kikubaaqudgha
Makhleb
Nemelex Xobeh
Okawaru
Qazlal
Ru
Sif Muna
Trog
Uskayaw
Vehumet
Wu Jian
Xom
Yredelemnul
Zin
The Shining One
Jiyva

Shops:
D:4 :   D:5 *   Orc:1 **!!   Orc:2 :(*[   Snake:2 ==[?   Snake:3 (


Innate Abilities, Weirdness & Mutations

You are too large for most types of armour.
You have claws for hands.
Your natural rate of healing is unusually fast.
You are covered in fur. (AC +1)
You have tough skin. (AC +1)


Message History

* * * LOW HITPOINT WARNING * * *
You feel yourself slow down.
* * * LOW HITPOINT WARNING * * *
You block the salamander mystic's attack.
Unknown command.
Unknown command.
Unknown command.
Unknown command.
You are engulfed in blazing flames.
You resist.
You feel very sick.
The guardian serpent is engulfed in blazing flames.
Flame seeps out of the guardian serpent.
The guardian serpent casts a spell at you.
You easily resist.
You block the salamander's attack.
The naga ritualist mumbles some strange prayers to its god.
The naga ritualist begins to radiate toxic energy.
* * * LOW HITPOINT WARNING * * *
You are more poisoned.
You block the salamander mystic's attack.
The guardian serpent is engulfed in blazing flames.
Flame seeps out of the guardian serpent.
The guardian serpent coils itself and waves its upper body at you.
The bolt of poison hits you.
You are lethally poisoned!
* * * LOW HITPOINT WARNING * * *
You climb upwards.
* * * LOW HITPOINT WARNING * * *
You feel extremely sick.
There is a stone staircase leading down here.
Unknown command.
Unknown command.
Unknown command.
Unknown command.
Unknown command.
You feel better.
You block the guardian serpent's attack.
The salamander mystic hits you with a +0 quarterstaff!
* * * LOW HITPOINT WARNING * * *
You are engulfed in flames.
You resist.
You die...

.........###.#.....#.#.##......#
...........###.......###.......#
##......##.#.......#...#####.####
#.÷...............#...#...###.#.
#......#..###)....#...##>.....#.
#......#.##.##)∩..#....#......##
##.##...###...)###.#......†......
#...#####..÷[..N.#.....##.......#
.......#......(.@....###.........
....#.###.<....S###..#...........
....#...##..<.### #.###.....###..
..###....#...## ###.##.#### ##.
###.....###### #...#.# ##
..##..###...[# ###...###
#..##.#.#?...# ###......#
##...)).##...###....)...#
.........##...#......####


You could see a salamander mystic (inner flame) and a guardian serpent (inner
flame).

Vanquished Creatures
  Vashnia (Snake:2)
  Saint Roka (Orc:2)
  An azure jelly (IceCv)
  2 orc warlords
  2 quicksilver oozes (IceCv)
  Nessos (D:12)
  A merfolk javelineer (Lair:3)
  An ettin (D:13)
  An entropy weaver (shapeshifter) (D:13)
  A rakshasa (D:15)
  A vault guard (D:13)
  3 hydras
  8 anacondas
  3 boulder beetles
  Erica (D:9)
  2 salamander tyrants
  A death knight (D:14)
  4 centaur warriors
  3 two-headed ogres
  6 naga warriors
  4 shock serpents
  11 naga sharpshooters
  3 occultists (D:15)
  5 death yaks (Lair:5)
  Sonja (Orc:1)
  An orc high priest (Orc:2)
  A sun demon (D:14)
  3 skysharks
  5 mana vipers
  2 salamander mystics
  An arcanist (D:15)
  2 sea snakes
  A goliath frog (Lair:5)
  A phantasmal warrior (D:13)
  A harpy (shapeshifter) (D:15)
  Pikel (D:6)
  A lindwurm (Lair:3)
  3 naga ritualists
  5 harpies
  2 necromancers
  6 orc sorcerers (Orc:2)
  A wolf spider zombie (D:15)
  A deep elf zephyrmancer (D:15)
  5 orc knights
  2 cyclopes
  2 fauns
  2 manticores
  7 salamanders
  9 ugly things
  20 elephants
  An oklob plant (Lair:4)
  A meliai (shapeshifter) (D:13)
  Joseph (D:7)
  A centaur zombie (D:15)
  4 kobold blastminers
  4 guardian serpents
  2 smoke demons (D:14)
  2 meliai (Lair:3)
  26 black mambas
  2 torpor snails
  A merfolk siren (Lair:3)
  2 ice statues (IceCv)
  16 cane toads
  Jeremiah (D:9)
  An unseen horror (D:11)
  9 naga magi
  3 yaktaurs (D:15)
  An unseen horror (shapeshifter) (D:15)
  8 komodo dragons
  2 freezing wraiths (D:14)
  2 kobold demonologists
  A rime drake (Lair:5)
  An efreet (D:13)
  4 red devils (D:14)
  9 trolls
  Grinder (D:3)
  2 tyrant leeches (Lair:5)
  Prince Ribbit (D:6)
  4 snapping turtles
  3 merfolk
  6 dream sheep (Lair:5)
  30 blink frogs
  A wind drake (Shoals:1)
  Sigmund (D:2)
  2 shadows
  13 slime creatures
  44 yaks
  4 spriggans (Bailey)
  5 wyverns
  2 wraiths (D:14)
  4 basilisks
  12 vampire mosquitoes
  Eustachio (D:6)
  2 steam dragons
  Grum (D:8)
  Menkaure (D:6)
  18 nagas
  5 wargs
  9 water moccasins
  3 great orb of eyes simulacra (IceCv)
  Edmund (D:4)
  Duvessa (D:7)
  A sky beast (D:6)
  24 orc warriors
  2 ice beasts
  2 laughing skulls (D:14)
  A crocodile (Sewer)
  A swamp drake (D:12)
  9 ogres
  2 black bears
  15 centaurs
  13 wolves
  A centaur (shapeshifter) (D:13)
  2 phantoms
  4 lemures (D:6)
  3 slime creature simulacra (IceCv)
  5 kobold brigands
  13 bullfrogs
  A gnoll sergeant (D:10)
  4 scorpions
  6 glowing shapeshifter simulacra (IceCv)
  Dowan (D:7)
  3 wights (D:7)
  15 killer bees
  7 howler monkeys
  4 electric eels
  3 jellies
  11 hounds
  25 orc priests
  A gnoll bouda (D:4)
  A scorpion zombie (D:3)
  Jessica (D:3)
  2 iguanas
  2 sleepcaps
  Natasha (thrice) (D:3)
  19 orc wizards
  2 boggart skeletons (D:15)
  3 polar bear simulacra (Lair:2)
  5 hell rats (Lair:3)
  2 yak simulacra (Lair:2)
  A boggart zombie (D:15)
  6 shapeshifter simulacra (IceCv)
  4 wolf simulacra (Lair:2)
  2 river rats (Lair:2)
  3 adders
  10 gnolls
  A shadow imp (D:6)
  A white imp (D:7)
  2 ufetubi (D:7)
  A ribbon worm (D:3)
  3 dart slugs
  78 orcs
  8 ball pythons
  9 bats
  7 endoplasms
  4 giant cockroaches
  10 goblins
  10 hobgoblins
  16 jackals
  36 kobolds
  2 quokkas
  2 ball python zombies (D:3)
  4 rats
  2 river rat simulacra (Lair:2)
  A tentacle (Shoals:1)
877 creatures vanquished.

Vanquished Creatures (others)
  An orc wizard (D:12)
  An orc (Orc:2)
  3 tentacles (Shoals:1)
5 creatures vanquished.

Grand Total: 882 creatures vanquished

Notes
Turn   | Place    | Note
-------+----------+-------------------------------------------
     0 | D:1      | hikkokomori the Troll Fighter began the quest for the Orb.
     0 | D:1      | Reached XP level 1. HP: 22/22 MP: 0/0
   105 | D:1      | Reached XP level 2. HP: 29/29 MP: 1/1
   168 | D:1      | Found a faded altar of an unknown god.
   303 | D:1      | Reached skill level 3 in Unarmed Combat
   372 | D:1      | Reached XP level 3. HP: 36/36 MP: 2/2
   835 | D:2      | Reached skill level 4 in Unarmed Combat
  1082 | D:2      | Noticed Sigmund
  1086 | D:2      | Killed Sigmund
  1087 | D:2      | Reached skill level 6 in Unarmed Combat
  1087 | D:2      | Reached XP level 4. HP: 42/44 MP: 3/3
  1087 | D:2      | Reached XP level 5. HP: 47/50 MP: 4/4
  1617 | D:3      | Noticed Grinder
  1626 | D:3      | Killed Grinder
  1627 | D:3      | Reached XP level 6. HP: 36/59 MP: 5/5
  1935 | D:3      | Reached XP level 7. HP: 61/66 MP: 6/6
  1947 | D:3      | Noticed Natasha
  1950 | D:3      | Killed Natasha
  1963 | D:3      | Found a basalt altar of Yredelemnul.
  1979 | D:3      | Noticed Natasha
  1985 | D:3      | Killed Natasha
  1986 | D:3      | Reached skill level 1 in Throwing
  2038 | D:3      | Noticed Jessica
  2043 | D:3      | Killed Jessica
  2415 | D:3      | Noticed Natasha
  2422 | D:3      | Killed Natasha
  2596 | D:3      | Identified the +1 pair of boots "Kashruaco" {^Contam Str+3
                  | SInv}
  2597 | D:3      | Found a broken altar of Ashenzari.
  2809 | D:4      | Noticed Edmund
  2818 | D:4      | Killed Edmund
  2844 | D:4      | Found Ifapelit's Book Emporium.
  2949 | D:4      | Reached skill level 5 in Shields
  2951 | D:4      | Reached XP level 8. HP: 72/74 MP: 7/7
  3153 | D:4      | Found a shimmering altar of Xom.
  3462 | D:5      | Entered Level 5 of the Dungeon
  3606 | D:5      | Found a glowing drain.
  3622 | Sewer    | Entered a sewer
  3711 | Sewer    | Identified the +2 robe "Totouluj" {rC+ Str+4 Archmagi}
  3811 | D:5      | Found Jiuwk's General Store.
  4322 | D:6      | Reached skill level 7 in Unarmed Combat
  4325 | D:6      | Noticed a +0 hand axe
  4326 | D:6      | Found a hide-covered altar of Uskayaw.
  4326 | D:6      | Noticed a +0 hand axe
  4345 | D:6      | Identified the +3 scale mail of Vanity {Int+3}
  4349 | D:6      | Noticed Menkaure
  4355 | D:6      | Killed Menkaure
  4412 | D:6      | Noticed Eustachio
  4422 | D:6      | Killed Eustachio
  4423 | D:6      | Reached skill level 8 in Unarmed Combat
  4423 | D:6      | Reached skill level 1 in Shapeshifting
  4437 | D:6      | Noticed Prince Ribbit
  4452 | D:6      | Killed Prince Ribbit
  4453 | D:6      | Reached XP level 9. HP: 71/84 MP: 8/8
  4492 | D:6      | Noticed Pikel
  4525 | D:6      | Killed Pikel
  4526 | D:6      | Reached skill level 5 in Shapeshifting
  4995 | D:7      | Noticed Duvessa
  4995 | D:7      | Noticed Dowan
  5008 | D:7      | Killed Dowan
  5017 | D:7      | Killed Duvessa
  5022 | D:7      | Found a glowing golden altar of the Shining One.
  5027 | D:7      | Found a shimmering blue altar of Sif Muna.
  5099 | D:7      | Reached skill level 9 in Unarmed Combat
  5232 | D:7      | Noticed Joseph
  5240 | D:7      | Killed Joseph
  5241 | D:7      | Reached XP level 10. HP: 76/92 MP: 9/9
  5283 | D:7      | Reached skill level 10 in Unarmed Combat
  5370 | D:7      | Found a stormy altar of Qazlal.
  5571 | D:7      | Found a staircase to the Ecumenical Temple.
  5576 | Temple   | Entered the Ecumenical Temple
  5582 | Temple   | Learned a level 4 spell: Passage of Golubria
  5899 | D:8      | Noticed Grum
  5927 | D:8      | Killed Grum
  6155 | D:8      | Found a flagged portal.
  6166 | Bailey   | Entered a bailey
  6233 | Bailey   | Noticed a two-headed ogre
  6254 | Bailey   | Reached skill level 5 in Fighting
  6256 | Bailey   | Killed a two-headed ogre
  6454 | Bailey   | Identified the +1 quarterstaff of Wefeuken {vamp, MP+9
                  | Str+3 Dex+2}
  7184 | D:9      | Noticed Erica
  7191 | D:9      | Killed Erica
  7192 | D:9      | Reached skill level 1 in Evocations
  7192 | D:9      | Reached XP level 11. HP: 86/105 MP: 10/10
  7223 | D:9      | Found an ornate altar of the Wu Jian Council.
  7236 | D:9      | Became a worshipper of the Wu Jian Council
  7319 | D:9      | Found a hazy altar of Hepliaklqana.
  7447 | D:9      | Reached skill level 5 in Throwing
  7524 | D:9      | Found Zin's Purification Station.
  7530 | D:9      | Found a glowing silver altar of Zin.
  7559 | D:9      | Bought a potion of curing for 90 gold pieces
  7732 | D:9      | Noticed Jeremiah
  7739 | D:9      | Killed Jeremiah
  7871 | D:9      | Identified the +7 war axe of the First Prophets {vamp,
                  | Will+ rCorr Int+2}
  7914 | D:10     | Entered Level 10 of the Dungeon
  7934 | D:10     | Reached * piety under Wu Jian
  8000 | D:10     | Noticed a two-headed ogre
  8008 | D:10     | Killed a two-headed ogre
  8321 | D:10     | Reached skill level 11 in Unarmed Combat
  8545 | D:10     | Found a shadowy altar of Dithmenos.
  8545 | D:10     | Found an opulent altar of Gozag.
  8553 | D:10     | Found a burning altar of Makhleb.
  8555 | D:10     | Found a snail-covered altar of Cheibriados.
  8557 | D:10     | Found an iron altar of Okawaru.
  8721 | D:11     | Reached ** piety under Wu Jian
  8798 | D:11     | Found a staircase to the Lair.
  8959 | D:11     | Identified a scroll of acquirement
  8959 | D:11     | Acquired the +2 cloak "Lelasif" {^Drain rC- Str+8 Dex+4}
  9018 | D:11     | Noticed a boulder beetle
  9028 | D:11     | Killed a boulder beetle
  9063 | D:11     | Reached skill level 12 in Unarmed Combat
  9108 | D:11     | Noticed a two-headed ogre
  9113 | D:11     | Killed a two-headed ogre
  9185 | D:11     | Reached XP level 12. HP: 37/114 MP: 11/11
  9340 | Lair:1   | Entered Level 1 of the Lair of Beasts
  9483 | Lair:1   | Reached skill level 1 in Armour
 10526 | Lair:2   | Reached *** piety under Wu Jian
 10754 | Lair:2   | Found a staircase to the Snake Pit.
 11032 | Lair:3   | Noticed Urug
 11035 | Lair:3   | Noticed a five-headed hydra
 11045 | Lair:3   | Urug changed into Urug the guardian serpent
 11045 | Lair:3   | Noticed Urug
 11047 | Lair:3   | Noticed a boulder beetle
 11052 | Lair:3   | Killed Urug the guardian serpent
 11053 | Lair:3   | Killed a boulder beetle
 11054 | Lair:3   | Killed a five-headed hydra
 11129 | Lair:3   | Found a staircase to the Shoals.
 11163 | Lair:3   | Reached skill level 5 in Evocations
 11357 | Lair:3   | Found a frozen archway.
 11381 | IceCv    | Entered an ice cave
 11442 | IceCv    | Reached **** piety under Wu Jian
 11466 | IceCv    | Reached XP level 13. HP: 80/127 MP: 12/12
 11734 | IceCv    | Noticed a quicksilver ooze
 11740 | IceCv    | Killed a quicksilver ooze
 11749 | IceCv    | Reached skill level 5 in Armour
 11975 | IceCv    | Noticed a quicksilver ooze
 11976 | IceCv    | Noticed an azure jelly
 11981 | IceCv    | Killed a quicksilver ooze
 11984 | IceCv    | Killed an azure jelly
 11985 | IceCv    | Found a viscous altar of Jiyva.
 12085 | IceCv    | Got Xerimn's Excursus on the Tundra
 13058 | Lair:4   | Reached ***** piety under Wu Jian
 13607 | Lair:5   | Entered Level 5 of the Lair of Beasts
 13768 | Lair:5   | Found a staircase to the Slime Pits.
 13768 | Lair:5   | Found a viscous altar of Jiyva.
 14028 | Lair:5   | Reached skill level 13 in Unarmed Combat
 14055 | Lair:5   | Reached XP level 14. HP: 111/136 MP: 13/13
 14502 | Lair:5   | Found a snail-covered altar of Cheibriados.
 14689 | Lair:5   | Reached skill level 14 in Unarmed Combat
 14937 | Lair:5   | Identified the ring of Nelo {rF++ rCorr Str+6 Slay+2}
 15150 | D:12     | Reached ****** piety under Wu Jian
 15321 | D:12     | Noticed Nessos
 15326 | D:12     | Killed Nessos
 15520 | D:12     | Found a staircase to the Orcish Mines.
 15527 | D:12     | Reached skill level 15 in Unarmed Combat
 15750 | Orc:1    | Entered Level 1 of the Orcish Mines
 15750 | Orc:1    | Noticed an orc warlord
 15765 | Orc:1    | Noticed Sonja
 16182 | Orc:1    | Killed Sonja
 16183 | Orc:1    | Found Deddany's Distillery.
 16251 | Orc:1    | Killed an orc warlord
 16286 | Orc:1    | You fall into a shaft and drop 1 floor!
 16286 | Orc:2    | Entered Level 2 of the Orcish Mines
 16398 | Orc:2    | Noticed an orc warlord
 16451 | Orc:2    | Noticed Saint Roka
 16462 | Orc:2    | Reached skill level 5 in Dodging
 16468 | Orc:2    | Killed Saint Roka
 16496 | Orc:2    | Reached XP level 15. HP: 82/143 MP: 14/14
 16510 | Orc:2    | Found Xoti Kom's Book Shop.
 16516 | Orc:2    | Found Resoupas's General Store.
 16535 | Orc:2    | Found Vuti's Antique Armour Shop.
 16585 | Orc:2    | Found Soud Huo's Antique Weapon Shop.
 16939 | Orc:1    | Found Lublum's Distillery.
 17246 | Orc:1    | Found Fubuutus's Overcharged Wands.
 17253 | Orc:1    | Found Buteep's General Store.
 17262 | Orc:1    | Bought a potion of heal wounds for 50 gold pieces
 17262 | Orc:1    | Bought a scroll of identify for 20 gold pieces
 17262 | Orc:1    | Bought a scroll of identify for 20 gold pieces
 17528 | Orc:2    | Found a staircase to the Elven Halls.
 17713 | Orc:2    | Bought +2 storm dragon scales for 1196 gold pieces
 17713 | Orc:2    | Bought a scroll of identify for 26 gold pieces
 17917 | Shoals:1 | Entered Level 1 of the Shoals
 18284 | Shoals:1 | Noticed a kraken
 18983 | D:13     | Found a gate to the Vaults.
 19598 | D:14     | Found a blossoming altar of Fedhas.
 19734 | D:14     | Identified the +2 long sword of Alokhleise {protect, rElec
                  | rF+ rN+++ Stlth+}
 20184 | D:15     | Entered Level 15 of the Dungeon
 20837 | D:15     | Reached skill level 16 in Unarmed Combat
 20908 | D:15     | Found a staircase to the Depths.
 21667 | Snake:1  | Entered Level 1 of the Snake Pit
 21697 | Snake:1  | Reached XP level 16. HP: 146/157 MP: 15/15
 22223 | Snake:1  | Reached skill level 10 in Fighting
 22298 | Snake:1  | HP: 7/158 [poisoned by a naga mage (splash of poison)]
 22659 | Snake:1  | Reached skill level 10 in Armour
 22769 | Snake:2  | Found Mihosuz's Jewellery Boutique.
 22791 | Snake:2  | Found Nukeh's Armour Shop.
 22791 | Snake:2  | Found Sidwuex's Jewellery Boutique.
 22794 | Snake:2  | Found Ydae's Magic Scroll Shop.
 22813 | Snake:2  | Bought the ring "Gapaf" {rPois Str+6 Dex+2 Stlth+} for 867
                  | gold pieces
 23178 | Snake:2  | Noticed Vashnia
 23196 | Snake:2  | Killed Vashnia
 23935 | Snake:2  | Bought a scroll of teleportation for 45 gold pieces
 23935 | Snake:2  | Bought a scroll of blinking for 112 gold pieces
 23956 | Snake:3  | Found Naepnuby's Weapon Emporium.
 24526 | Snake:4  | Entered Level 4 of the Snake Pit
 24548 | Snake:4  | Reached skill level 10 in Throwing
 24674 | Snake:3  | HP: 1/161 [poisoned by a guardian serpent (bolt of poison)]
 24675 | Snake:3  | Slain by a salamander mystic

Illustrated notes

Levels and vault maps discovered:
D:1:      dpeg_arrival_fog, layout_loops_cross,
          hellmonk_ecumenical_altar_crossroads, minmay_pentomino_s2
D:2:      layout_basic, serial_shops, shop, minmay_liquid_box, corner_web_ring,
          uniq_sigmund
D:3:      layout_basic, lemuel_coloured_pillars_altar,
          nicolae_yredelemnul_corpse_copse, grunt_ministairs_12,
          minmay_fractal_squares_gapless_5, uniq_natasha, uniq_grinder,
          uniq_jessica
D:4:      layout_loops_cross, old_standard_altar, serial_shops, shop,
          uniq_edmund
D:5:      layout_basic, portal_sewer_entry_d, serial_shops, shop
D:6:      layout_loops_ring, dancing_weapons_uskayaw,
          kennysheep_generic_room_11, uniq_menkaure, uniq_pikel, uniq_eustachio,
          uniq_prince_ribbit1
D:7:      layout_basic, nicolae_qazlal_scattered_showers, minitemple,
          temple_doors_e, uniq_joseph, uniq_duvessa
D:8:      layout_basic, enter_bailey_3, serial_library_regret_index_multi,
          uniq_grum
D:9:      layout_irregular_city, mainiacjoe_overflow_chevrons, zin_purify,
          old_standard_altar, uniq_jeremiah, uniq_erica
D:10:     layout_roguey, chequers_temple_overflow_minitemple,
          david_defended_altar_orc
D:11:     layout_loops_ring, erik_lair_island
D:12:     layout_rooms, erik_orc_1, uniq_nessos
D:13:     layout_irregular_city, david_vaults_4
D:14:     cheibrodos_quadrivalence, layout_loops_corners, fedhas_altar_2
D:15:     grunt_enter_depths_magical_seal, layout_irregular_city,
          minmay_misc_feat_x, corexii_checkpoint
Temple:   hellmonk_temple_of_storms
Lair:1:   layout_chaotic_city, st_stairs_6, grunt_megastairs_5,
          serial_bayou_shore_a
Lair:2:   layout_roguey, nicolae_snake_entry_squirm, grunt_forest_stairs_basic,
          eino_house_with_fridge
Lair:3:   layout_chaotic_city, minmay_shoals_entry_centaurs,
          portal_ice_cave_entry_pillars_2, eino_small_chamber_without_monster,
          serial_bayou_ford_a, uniq_urug
Lair:4:   layout_gridlike, dpeg_oklob_1
Lair:5:   minmay_lair_end_frog_pond, layout_cave_pods,
          minmay_slime_entry_pillars, serial_bayou_lagoon_a,
          columned_hall_lemuel, kennysheep_snail_temple
Shoals:1: layout_shoals, serial_shops, shop, regret_index_shoals_crete
Snake:1:  layout_honeycomb
Snake:2:  layout_chambers, minmay_shoptagon, uniq_vashnia
Snake:3:  layout_honeycomb, serial_shops, shop
Snake:4:  snake_pit_salamanders_mu, layout_cave_town
Orc:1:    layout_diamond_mine, serial_shops, nicolae_shop_gibbet_a_chance, shop,
          shop, nicolae_shop_overcharged_wands, uniq_sonja
Orc:2:    grunt_orc_cross, layout_caves, uniq_saint_roka

Skill      XL: |  1  2  3  4  5  6  7  8  9 10 11 12 13 14 15 16 |
---------------+-------------------------------------------------+-----
Unarmed Combat | 3 6 8 9 10 12 13 15 16 | 16.6
Stealth        | 2 |  2.0
Shields        | 3 5 7 8 9 |  9.0
Throwing       | 3 4 7 8 9 10 | 10.0
Fighting       | 4 6 7 8 9 10 | 10.8
Shapeshifting  | 2 6 |  6.1
Dodging        | 4 5 6 7 |  7.8
Evocations     | 1 3 5 6 8 |  8.0
Armour         | 4 7 9 10 | 10.0

Action                     |  1- 3 |  4- 6 |  7- 9 | 10-12 | 13-15 | 16-18 || total
---------------------------+-------+-------+-------+-------+-------+-------++-------
  Melee: Unarmed           |   100 |    30 |   266 |   582 |  1042 |   262 ||  2282
  Throw: Stone             |       |    14 |     1 |    12 |       |       ||    27
         Dart              |       |       |     1 |     3 |     3 |     1 ||     8
         Boomerang         |       |       |     2 |    10 |    61 |       ||    73
         Javelin           |       |       |       |     1 |     3 |     5 ||     9
         Large rock        |       |       |       |       |     3 |     5 ||     8
 Invoke: Serpent's Lash    |       |       |       |       |     4 |       ||     4
         Heavenly Storm    |       |       |       |       |     1 |       ||     1
Ability: Lunge             |       |       |       |    15 |    75 |    17 ||   107
         Whirlwind         |       |       |       |     6 |   107 |     8 ||   121
  Evoke: Wand              |       |       |       |     6 |     8 |     1 ||    15
         Lightning rod     |       |       |       |     4 |       |       ||     4
    Use: Scroll            |       |       |     9 |     5 |    20 |     3 ||    37
         Potion            |       |       |       |       |     3 |     8 ||    11
   Stab: Sleeping          |     1 |     1 |     7 |     1 |     1 |       ||    11
         Paralysed         |       |       |       |     2 |       |       ||     2
         Distracted        |       |       |       |       |     2 |       ||     2
 Armour: Robe              |    59 |    15 |    87 |    72 |    19 |       ||   252
         Swamp dragon scal |       |       |       |   178 |   320 |       ||   498
         Storm dragon scal |       |       |       |       |   212 |   196 ||   408
  Dodge: Dodged            |    34 |     7 |    54 |   115 |   227 |    81 ||   518
  Block: Kite shield       |    40 |    12 |   143 |   419 |   925 |   276 ||  1815
         Reflection        |       |       |     3 |    25 |    53 |    48 ||   129
   Form: Beast             |       |       |     1 |     2 |       |       ||     3
                           |       |       |       |     2 |     1 |       ||     3

Table legend: (Time is in decaauts)
 A = Elapsed time spent in this place.
 B = Non-inter-level travel time spent in this place.
 C = Inter-level travel time spent in this place.
 D = Time resting spent in this place.
 E = Time spent auto-exploring this place.
 F = Levels seen in this place.
 G = Mean time per level.
                   A        B        C        D        E       F      G
               +--------+--------+--------+--------+--------+-----+--------+
         Total |  24455 |  22590 |   1865 |   1752 |  15468 |  31 |  788.9 |
       Dungeon |  12635 |  11550 |   1085 |    368 |   8728 |  15 |  842.3 |
        Temple |      9 |      7 |      2 |      0 |      0 |   1 |    9.0 |
          Lair |   5677 |   5101 |    576 |    451 |   3325 |   5 | 1135.4 |
        Shoals |     77 |     77 |      0 |      3 |      9 |   1 |   77.0 |
     Snake Pit |   2963 |   2889 |     74 |    318 |   2116 |   4 |  740.8 |
  Orcish Mines |   1561 |   1435 |    126 |     29 |   1000 |   2 |  780.5 |
         Sewer |    122 |    122 |      0 |      0 |     76 |   1 |  122.0 |
        Bailey |    574 |    574 |      0 |    291 |     26 |   1 |  574.0 |
      Ice Cave |    833 |    833 |      0 |    292 |    188 |   1 |  833.0 |
               +--------+--------+--------+--------+--------+-----+--------+

Top non-repeatable levels by time:
  Lair:3: 1530 daAuts
  Lair:5: 1270 daAuts
 Snake:2: 1214 daAuts
    D:12: 1187 daAuts
    D:14: 1135 daAuts
     D:3: 1131 daAuts
 Snake:1: 1041 daAuts
     D:7: 1026 daAuts
   Orc:2: 992 daAuts
  Lair:2: 983 daAuts
  Lair:4: 981 daAuts
     D:2: 918 daAuts
  Lair:1: 911 daAuts
   IceCv: 833 daAuts
    D:13: 827 daAuts
